 Dungeon Crawl Stone Soup version 0.20-a0-957-g47ad1fd (webtiles) character file.

95 Hybris the Caller (level 4, 0/30 HPs)
             Began as a Mummy Summoner on Apr 5, 2017.
             Slain by a bullfrog (5 damage)
             ... on level 3 of the Dungeon.
             The game lasted 00:06:38 (2769 turns).

Hybris the Caller (Mummy Summoner)                  Turns: 2769, Time: 00:06:39

Health: 0/30       AC:  3    Str: 11    XL:     4   Next: 40%
Magic:  6/9        EV: 12    Int: 15    God:
Gold:   101        SH:  0    Dex: 12    Spells: 7/10 levels left

rFire    x . .     SeeInvis .   h - +0 short sword
rCold    + . .     Gourm    .   (no shield)
rNeg     + + +     Faith    .   a - +0 robe
rPois    ∞         Spirit   .   (no helmet)
rElec    .         Reflect  .   e - +0 cloak
rCorr    .         Harm     .   (no gloves)
MR       .....                  (no boots)
Stlth    ++........             (no amulet)
Regen    0.1/turn               (no ring)
MPRegen  0.2/turn               (no ring)

@: very slightly contaminated
A: no food or potions, fire vulnerability, cold resistance 1, negative energy
resistance 3, torment resistance, unbreathing
a: no special abilities


You were on level 3 of the Dungeon.
You were not hungry.

You visited 1 branch of the dungeon, and saw 3 of its levels.

You collected 101 gold pieces.

Inventory:

Hand Weapons
 h - a +0 short sword (weapon)
Armour
 a - a +0 robe (worn)
 e - a +0 cloak (worn)
 j - a +1 chain mail of fire resistance
Jewellery
 o - an uncursed ring of protection from magic {unknown}
Scrolls
 c - a scroll of teleportation {unknown}
 d - 2 scrolls of enchant armour {unknown}
 f - a scroll of amnesia {unknown}
 g - 5 scrolls of identify {unknown}
 i - a scroll of fear {unknown}
 k - 2 scrolls of magic mapping {unknown}
 l - a scroll of recharging {unknown}
 m - a scroll of blinking {unknown}
 n - 2 scrolls of remove curse {unknown}
 p - a scroll of noise {unknown}
Books
 b - a book of Callings

   Spells                             Type                      Level
   a - Summon Small Mammal            Summoning                    1
   b - Call Imp                       Summoning                    2
   c - Call Canine Familiar           Summoning                    3
   d - Summon Guardian Golem          Hexes/Summoning              3
   e - Summon Lightning Spire         Summoning/Air                4
   f - Summon Ice Beast               Ice/Summoning                4


   Skills:
 - Level 1.5 Dodging
 - Level 1.5 Stealth
 + Level 3.6 Spellcasting
 * Level 4.5 Summonings


You had 7 spell levels left.
You knew the following spells:

 Your Spells              Type           Power        Failure   Level  Hunger
a - Summon Small Mammal   Summ           ###.         3%          1    N/A
b - Call Imp              Summ           ###.....     6%          2    N/A

Dungeon Overview and Level Annotations

Branches:
Dungeon (3/15)

Altars:
Nemelex Xobeh
Trog
Wu Jian
The Shining One


Innate Abilities, Weirdness & Mutations

You do not eat or drink.
Your flesh is vulnerable to fire.
You are immune to poison.
Your flesh is cold resistant. (rC+)
You are immune to negative energy. (rN+++)
You are immune to unholy pain and torment.
You can survive without breathing.


Message History

The bullfrog is heavily wounded.
The bullfrog hits you! x2
* * * LOW HITPOINT WARNING * * *
You are too injured to fight recklessly!
You are too injured to fight recklessly!
You are too injured to fight recklessly!
Casting: Summon Small Mammal
Confirm with . or Enter, or press ? or * to list all spells.
A beastly little devil appears in a puff of flame.
The bullfrog hits you.
* * * LOW HITPOINT WARNING * * *
The bullfrog barely misses you.
Your crimson imp closely misses the bullfrog.
Casting: Call Imp
Confirm with . or Enter, or press ? or * to list all spells.
You miscast Summon Small Mammal.
You are very lightly contaminated with residual magic.
The world appears momentarily distorted.
The bullfrog hits you.
You die...

####### ####
#...... #...#
#####...... #....
#<#.+...... #....
#.#'#......
#...5###
#..........
+....F.##
##.........
#....#@.#
#.........
##...##.##
#...###### #...
#..# #...# ####
##.## #####
###..#############
+.................
####..###'########
##.........# ##
#.........# #.


You could see a bullfrog and a friendly crimson imp.

Vanquished Creatures
  Jessica (D:2)
  An adder (D:2)
  A worm (D:2)
  A leopard gecko (D:2)
  A ball python (D:1)
  4 giant cockroaches
  4 goblins
  3 hobgoblins
  2 kobolds (D:1)
  4 bats
  3 frilled lizards
  4 rats
29 creatures vanquished.

Vanquished Creatures (collateral kills)
  An orc wizard (D:3)
  3 orcs (D:3)
  A bat (D:1)
  A giant cockroach (D:1)
  2 goblins
  2 hobgoblins (D:2)
  4 kobolds
  A frilled lizard (D:2)
15 creatures vanquished.

Grand Total: 44 creatures vanquished

Notes
Turn   | Place    | Note
-------+----------+-------------------------------------------
     0 | D:1      | Hybris the Mummy Summoner began the quest for the Orb.
     0 | D:1      | Reached XP level 1. HP: 13/13 MP: 4/4
   596 | D:1      | Reached XP level 2. HP: 17/19 MP: 5/5
  1091 | D:1      | Learned a level 2 spell: Call Imp
  1273 | D:2      | Found an ornate altar of the Wu Jian Council.
  1273 | D:2      | Found a sparkling altar of Nemelex Xobeh.
  1445 | D:2      | Noticed Jessica
  1480 | D:2      | Killed Jessica
  1480 | D:2      | Reached skill level 4 in Summonings
  1480 | D:2      | Reached XP level 3. HP: 20/24 MP: 5/7
  1901 | D:2      | Found a bloodstained altar of Trog.
  2116 | D:2      | Found a glowing golden altar of the Shining One.
  2212 | D:2      | Reached XP level 4. HP: 18/30 MP: 9/9
  2759 | D:3      | Noticed a bullfrog
  2769 | D:3      | Slain by a bullfrog

Vault maps used:
D:1:      zelgadis_glass_arrival_small
D:2:      tso_oasis_becter, lightli_temple_of_fire,
          gammafunk_temple_overflow_elements, first_bread,
          minmay_misc_feat_five, uniq_jessica
D:3:      nicolae_overflow_crystal_walls, uniq_sigmund

Skill      XL: |  1  2 |
---------------+-------+-----
Spellcasting   | 3 |  3.6
Summonings     | 4 |  4.5
Dodging        | |  1.5
Stealth        | |  1.5

Action                   |  1- 3 |  4- 6 || total
-------------------------+-------+-------++-------
Melee: Unarmed           |    72 |       ||    72
       Short sword       |    84 |    34 ||   118
 Cast: Summon Small Mamm |    21 |     2 ||    23
       Call Imp          |     8 |     5 ||    13
Armor: Robe              |    54 |     5 ||    59
       Chain mail        |    27 |       ||    27
Dodge: Dodged            |   122 |    31 ||   153
